 Dungeon Crawl Stone Soup version 0.20.0-10-g0535bb4 (webtiles) character file.

193 MTVSty1e the Slasher (level 5, -2/46 HPs)
             Began as a Draconian Gladiator on June 5, 2017.
             Killed from afar by an orc wizard (4 damage)
             ... with a magic dart
             ... on level 3 of the Dungeon.
             The game lasted 00:03:36 (2693 turns).

MTVSty1e the Slasher (Draconian Gladiator)          Turns: 2693, Time: 00:03:36

Health: -2/46      AC:  6    Str: 17    XL:     5   Next: 44%
Magic:  5/5        EV: 13    Int:  8    God:
Gold:   126        SH:  0    Dex: 13    Spells: 4/4 levels left

rFire    . . .     SeeInvis .   a - +0 long sword
rCold    . . .     Gourm    .   (no shield)
rNeg     . . .     Faith    .   (armour unavailable)
rPois    .         Spirit   .   b - +0 hat
rElec    .         Reflect  .   (no cloak)
rCorr    +         Harm     .   (no gloves)
MR       .....                  i - +0 pair of boots
Stlth    +.........             (no amulet)
Regen    0.2/turn               h - ring of resist corrosion
MPRegen  0.1/turn               (no ring)

@: no status effects
A: unfitting armour, cold-blooded, AC +5
a: no special abilities


You were on level 3 of the Dungeon.
You were not hungry.

You visited 1 branch of the dungeon, and saw 3 of its levels.

You collected 126 gold pieces.

Inventory:

Hand Weapons
 a - a +0 long sword (weapon)
Missiles
 c - 3 throwing nets (quivered)
Armour
 b - a +0 hat (worn)
 i - a +0 pair of boots (worn)
Jewellery
 h - a ring of resist corrosion (left hand)
Scrolls
 f - a scroll of identify
Books
 e - a book of Misfortune

   Spells                             Type                      Level
   a - Confusing Touch                Hexes                        1
   b - Confuse                        Hexes                        3
   c - Gell's Gravitas                Translocation                3
   d - Petrify                        Transmutation/Earth          4
   e - Metabolic Englaciation         Hexes/Ice                    5
   f - Yara's Violent Unravelling     Hexes/Transmutation          5
Comestibles
 d - 3 bread rations
 l - a royal jelly


   Skills:
 + Level 4.0 Fighting
 * Level 5.3 Long Blades
 - Level 1.7 Throwing
 - Level 2.6 Dodging


You had 4 spell levels left.
You didn't know any spells.

Dungeon Overview and Level Annotations

Branches:
Dungeon (3/15)

Altars:
The Shining One


Innate Abilities, Weirdness & Mutations

Your plain brown scales are hard. (AC +5)
You cannot fit into any form of body armour.
You are cold-blooded and may be slowed by cold attacks.


Message History

* * * LOW HITPOINT WARNING * * *
The orc wizard hits you with a dagger.
* * * LOW HITPOINT WARNING * * *
The orc barely misses you. The orc wizard completely misses you.
Okay, then.
You barely miss the orc wizard.
Your tail-slap misses the orc wizard.
The orc wizard is almost dead.
The orc wizard hits you but does no damage.
The orc wizard mumbles some strange words.
The orc wizard blinks!
The orc hits you with a short sword.
* * * LOW HITPOINT WARNING * * *
The orc wizard casts a spell.
The orc wizard blinks!
The orc wizard casts a spell at you. You resist with some effort.
A hobgoblin comes into view.
The hobgoblin shouts!
The orc wizard gestures at you while chanting.
The magic dart hits you!
You die...

#...##.....#######.# #.#
#........#...g(..... ...
#...##>#.#.....###.#
####
###................# ##
#.##.##........### ..##
#.##<##......#.####o#...
#.......................
#.##.##.#..#.#.#.#.#.#.#
#.##.##.##...@..#.......
..(..##.#.#.#.#...#.#
#.#####.#...o#.......
#.###.#.#.....#
#.....o.)......
.....#...†#......
########.........
#....#.#.# ###.....#.


You could see an orc wizard, an orc and a hobgoblin.

Vanquished Creatures
  An orc priest (D:3)
  Jessica (D:2)
  Terence (D:2)
  3 adders (D:2)
  2 oozes (D:1)
  3 worms (D:2)
  A leopard gecko (D:2)
  7 orcs (D:3)
  3 bats
  2 giant cockroaches
  8 goblins
  6 hobgoblins
  2 jackals (D:2)
  7 kobolds
  A quokka (D:2)
  10 frilled lizards
  4 rats
62 creatures vanquished.

Notes
Turn   | Place    | Note
-------+----------+-------------------------------------------
     0 | D:1      | MTVSty1e the Draconian Gladiator began the quest for the Orb.
     0 | D:1      | Reached XP level 1. HP: 17/17 MP: 1/1
    35 | D:1      | Reached XP level 2. HP: 25/25 MP: 2/2
   843 | D:2      | Reached XP level 3. HP: 30/30 MP: 3/3
   905 | D:2      | Reached skill level 4 in Long Blades
  1360 | D:2      | Noticed Jessica
  1369 | D:2      | Killed Jessica
  1369 | D:2      | Reached XP level 4. HP: 38/38 MP: 4/4
  1445 | D:2      | Found a glowing golden altar of the Shining One.
  1862 | D:2      | Noticed Terence
  1898 | D:2      | Killed Terence
  1898 | D:2      | Reached skill level 5 in Long Blades
  1898 | D:2      | Reached XP level 5. HP: 46/46 MP: 5/5
  2690 | D:3      | HP: 2/46 [orc/short sword (1)]
  2693 | D:3      | Killed from afar by an orc wizard

Skill      XL: |  1  2  3  4  5 |
---------------+----------------+-----
Fighting       | 3 4 |  4.0
Long Blades    | 4 5 |  5.3
Throwing       | |  1.7
Dodging        | |  2.6

Action                   |  1- 3 |  4- 6 || total
-------------------------+-------+-------++-------
Melee: Long sword        |    77 |   128 ||   205
       Tailslap          |    16 |    14 ||    30
  Use: Scroll            |     1 |     4 ||     5
       Potion            |     1 |     5 ||     6
 Stab: Sleeping          |     3 |       ||     3
  Eat: Fruit             |     2 |     1 ||     3
       Chunk             |       |     1 ||     1
       Meat ration       |       |     1 ||     1
Armor: Skin              |    13 |    51 ||    64
Dodge: Dodged            |    51 |    94 ||   145
       Rpst.: Long sword |    14 |    24 ||    38
